 Dungeon Crawl Stone Soup version 0.25.1-2-g60ff931df9 (webtiles) character file.

Game seed: 10480181354807035108

814 Acheron the Ruffian (level 7, -5/66 HPs)
             Began as a Troll Hunter on Oct 30, 2020.
             Slain by an orc warrior
             ... wielding a +0 battleaxe
              (28 damage)
             ... on level 7 of the Dungeon.
             The game lasted 00:21:40 (4444 turns).

Acheron the Ruffian (Troll Hunter)                  Turns: 4444, Time: 00:21:41

Health: -5/66      AC: 10    Str: 21    XL:     7   Next: 62%
Magic:  6/6        EV:  9    Int:  7    God:
Gold:   182        SH:  8    Dex: 12    Spells: 6/6 levels left

rFire    . . .     SeeInvis .     - Unarmed
rCold    . . .     Gourm    +   j - +0 kite shield
rNeg     . . .     Faith    .   b - +0 robe
rPois    .         Spirit   .   (helmet restricted)
rElec    .         Reflect  .   (no cloak)
rCorr    .         Harm     .   (gloves unavailable)
MR       .....                  (boots unavailable)
Stlth    ++........             (no amulet)
HPRegen  0.61/turn              m - +4 ring of protection
MPRegen  0.10/turn              (no ring)

@: no status effects
A: large, unfitting armour, claws 3, fast metabolism 3, gourmand, regeneration
1, shaggy fur 1, tough skin 3
a: no special abilities


You were on level 7 of the Dungeon.
You were very full.

You visited 1 branch of the dungeon, and saw 7 of its levels.
You also visited: Sewer.

You collected 182 gold pieces.

Inventory:

Hand Weapons
 a - a +0 short sword
 q - a +1 dagger of holy wrath
 y - the +4 falchion "Ecwo" {freeze, *Corrode rN+ Int+4, unknown}
   (You found it on level 6 of the Dungeon)

   It has been specially enchanted to freeze those struck by it, causing extra
   injury to most foes and up to half again as much damage against particularly
   susceptible opponents.
   It can also slow down cold-blooded creatures.
   It affects your intelligence (+4).
   It protects you from negative energy.
   It may corrode you when you take damage.
 C - a +1 battleaxe of holy wrath
Missiles
 c - 9 large rocks (quivered)
 d - 2 throwing nets
 g - 15 sling bullets
 h - 134 stones
 l - 4 boomerangs of dispersal
 r - 4 javelins
 v - 18 poisoned darts
 x - 7 boomerangs
Armour
 b - a +0 robe (worn)
 j - a +0 kite shield (worn)
Jewellery
 m - a +4 ring of protection (left claw)
 n - an uncursed amulet of magic regeneration
Wands
 o - a wand of acid (4)
Scrolls
 e - a scroll of remove curse {unknown}
 k - 2 scrolls of identify
 w - a scroll of immolation {unknown}
Potions
 i - a potion of lignification
 p - 3 potions of brilliance
 s - a potion of might
 t - a potion of heal wounds
 u - 4 potions of magic
 z - a potion of flight
 A - 2 potions of curing {unknown}
Comestibles
 f - 10 rations
 B - 12 chunks of flesh


   Skills:
 * Level 2.5 Fighting
 * Level 4.5 Throwing
 * Level 3.7 Dodging
 * Level 1.2 Stealth
 + Level 1.8 Shields
 + Level 5.0 Unarmed Combat
 * Level 0.7 Evocations


You had 6 spell levels left.
You didn't know any spells.
Your spell library was empty.

Dungeon Overview and Level Annotations

Branches:
Dungeon (7/15)              Sewer (visited)
 Temple: D:4-7

Altars:

Shops:
D:5 ?%

Annotations:
D:3 3 runed translucent doors, Curus's ghost, amateur DsGl; denis1488's ghost, amateur TrEE
D:4 Grinder; Pikel


Innate Abilities, Weirdness & Mutations

You are too large for most types of armour.
You have claws for hands.
Your metabolism is lightning-fast.
You like to eat raw meat.
Your natural rate of healing is unusually fast.
You are covered in fur. (AC +1)
You have extremely tough skin. (AC +3)


Message History

Found 17 gold pieces and a murky sapphire potion.
You feel much better.
The orc warrior hits you with a +0 battleaxe!
Evoke which item? (* to show all) (? for menu, Esc to quit)
Aiming: Corrosive Bolt
Press: ? - help, Shift-Dir - straight line, f - orc warrior
Aim: an orc warrior, wielding a +0 battleaxe and wearing a +0 plate armour The bolt of acid hits the orc warrior!
The orc warrior is splashed with acid.
The acid corrodes the orc warrior!
The orc warrior is severely wounded.
The orc warrior barely misses you.
You closely miss the orc warrior.
The orc warrior is severely wounded.
You scratch the orc warrior.
The orc warrior is severely wounded.
The orc warrior completely misses you.
You scratch the orc warrior.
The orc warrior is severely wounded.
The orc warrior hits you with a +0 battleaxe!!
You die...

.......!.
....#..
...#.. #.....
#....# #....#
#....####...
#..o@.......
#..........#
##.........#
#.........#
#.........#
..........#
.......$....
......#####..


You could see an orc warrior (corroded).

Vanquished Creatures
  2 slaves (D:4)
  An ice beast (D:5)
  An orc warrior (D:6)
  An ogre (D:4)
  An orc priest (D:6)
  A centaur skeleton (D:4)
  3 hounds
  An orc wizard (D:3)
  2 iguanas (D:4)
  A worker ant (D:4)
  A hound skeleton (D:4)
  A howler monkey zombie (D:6)
  14 adders
  A river rat (D:3)
  3 oozes (D:2)
  An adder skeleton (D:4)
  4 worms
  2 leopard geckos
  12 orcs
  2 giant cockroaches
  7 goblins
  6 hobgoblins
  12 jackals
  15 kobolds
  4 quokkas
  3 ball pythons
  5 bats
  7 frilled lizards
  6 rats
  3 plants (Sewer)
123 creatures vanquished.

Notes
Turn   | Place    | Note
-------+----------+-------------------------------------------
     0 | D:1      | Acheron the Troll Hunter began the quest for the Orb.
     0 | D:1      | Reached XP level 1. HP: 19/19 MP: 0/0
    39 | D:1      | You fall into a shaft and drop 1 floor!
    54 | D:2      | Reached XP level 2. HP: 9/27 MP: 1/1
   157 | D:2      | Reached XP level 3. HP: 31/33 MP: 2/2
   355 | D:2      | Reached skill level 1 in Unarmed Combat
   366 | D:2      | Reached XP level 4. HP: 12/42 MP: 3/3
  1403 | D:2      | Reached skill level 2 in Unarmed Combat
  1623 | D:3      | Found a glowing drain.
  1638 | Sewer    | Entered a sewer
  1745 | Sewer    | Reached XP level 5. HP: 49/49 MP: 4/4
  2481 | D:3      | Reached skill level 3 in Unarmed Combat
  2931 | D:3      | Reached skill level 1 in Shields
  2959 | D:3      | Found a runed translucent gate.
  2960 | D:3      | Found a runed translucent gate.
  2960 | D:3      | Found a runed translucent gate.
  2961 | D:3      | Noticed denis1488's ghost (amateur TrEE)
  2961 | D:3      | Noticed Curus's ghost (amateur DsGl)
  3231 | D:4      | Reached XP level 6. HP: 51/57 MP: 5/5
  3621 | D:4      | Reached skill level 4 in Unarmed Combat
  3639 | D:5      | Entered Level 5 of the Dungeon
  3639 | D:5      | Found Piwkey's Magic Scroll Shop.
  3643 | D:5      | Found Icke's Food Emporium.
  3696 | D:5      | Noticed an ice beast
  3724 | D:5      | Killed an ice beast
  3724 | D:5      | Reached XP level 7. HP: 65/65 MP: 6/6
  4095 | D:4      | Reached skill level 1 in Stealth
  4162 | D:4      | Noticed Pikel
  4174 | D:4      | Noticed Grinder
  4266 | D:6      | Got a twisted falchion
  4276 | D:6      | Reached skill level 5 in Unarmed Combat
  4411 | D:6      | HP: 3/66 [orc warrior/+0 battleaxe (20)]
  4444 | D:7      | Slain by an orc warrior

Illustrated notes

Levels and vault maps discovered:
D:1:      lemuel_arrival_rhombus, layout_rooms, st_stairs_7
D:2:      layout_loops_corners, minmay_misc_feat_roman, grunt_ministairs_7,
          minmay_circled_x
D:3:      layout_loops_ring, cheibrodos_sewer_entry_sluice,
          gammafunk_ghost_cemetery
D:4:      mumra_celtic_spiral_tile, layout_basic, uniq_pikel, uniq_grinder,
          uniq_menkaure, uniq_eustachio
D:5:      layout_gridville, nicolae_ossuary_entry_false_entrances, serial_shops,
          shop_fountains, shop_coins, shop, nicolae_shop_crystal, shop,
          first_ration, kennysheep_cross_room
D:6:      layout_basic, lemuel_coloured_pillars_altar,
          minmay_temple_entry_stoned_glass
D:7:      layout_basic, nrook_mini_backslash, minivault_23

Skill      XL: |  1  2  3  4  5  6  7 |
---------------+----------------------+-----
Throwing       | 4 |  4.5
Unarmed Combat | 1 2 3 4 5 |  5.0
Dodging        | 2 3 |  3.7
Fighting       | 2 |  2.5
Shields        | 1 |  1.8
Stealth        | 1 |  1.2
Evocations     | |  0.7

Action                   |  1- 3 |  4- 6 |  7- 9 || total
-------------------------+-------+-------+-------++-------
Melee: Unarmed           |    82 |   364 |    69 ||   515
Throw: Large rock        |       |     2 |       ||     2
Evoke: Wand              |       |       |     2 ||     2
  Use: Potion            |     1 |       |     2 ||     3
       Scroll            |       |    11 |       ||    11
 Stab: Sleeping          |       |     2 |     2 ||     4
  Eat: Chunk             |     8 |    33 |     7 ||    48
Armor: Robe              |    43 |   163 |    20 ||   226
       Skin              |    13 |       |       ||    13
Dodge: Dodged            |    67 |   108 |    17 ||   192
Block: Kite shield       |    21 |   119 |    14 ||   154
